 Dungeon Crawl Stone Soup version 0.27.0-1-g7a089689b8 (webtiles) character file.

Game seed: 12863546234224585191

3 Smaepdii the Vexing (level 1, 0/11 HPs)
             Began as a Deep Elf Arcane Marksman on Aug 5, 2021.
             Slain by a rat (1 damage)
             ... on level 1 of the Dungeon.
             The game lasted 00:00:54 (325 turns).

Smaepdii the Vexing (Deep Elf Arcane Marksman)       Turns: 325, Time: 00:00:55

Health: 0/11       AC:  2    Str:  7    XL:     1   Next: 41%
Magic:  5/5        EV: 12    Int: 17    God:
Gold:   0          SH:  0    Dex: 15    Spells: 2/3 levels left

rFire    . . .     SeeInvis .   a - +0 shortbow
rCold    . . .     Faith    .   (shield currently unavailable)
rNeg     . . .     Spirit   .   d - +0 robe
rPois    .         Reflect  .   (no helmet)
rElec    .         Harm     .   (no cloak)
rCorr    .         Rampage  .   (no gloves)
Will     .....                  (no boots)
Stlth    +.........             (no amulet)
HPRegen  0.03/turn              (no ring)
MPRegen  0.09/turn              (no ring)

@: no status effects
A: no striking features
a: no special abilities


You were on level 1 of the Dungeon.
You visited 1 branch of the dungeon, and saw 1 of its levels.

Inventory:

Hand Weapons
 a - a +0 shortbow (weapon)
 f - a +0 hand axe
Missiles
 c - 14 arrows (quivered ammo)
Armour
 d - a +0 robe (worn)
Scrolls
 e - a scroll of noise {unknown}
Potions
 b - a potion of brilliance {unknown}


   Skills:
 - Level 0.7 Fighting
 + Level 3.1 Bows
 - Level 2.4 Dodging
 - Level 1.5 Spellcasting
 - Level 4.0 Hexes


You had 2 spell levels left.
You knew the following spells:

 Your Spells              Type           Power      Damage    Failure   Level
a - Corona                Hex            15%        N/A       4%          1

Your spell library contained the following spells:

 Spells                   Type           Power      Damage    Failure   Level
 Slow                     Hex            14%        N/A       6%          2
 Inner Flame              Hex/Fire       8%         N/A       26%         3
 Portal Projectile        Hex/Tloc       16%        N/A       26%         3
 Cause Fear               Hex            7%         N/A       36%         4


Dungeon Overview and Level Annotations

Branches:
Dungeon (1/15)

Altars:


Message History

Aim: a bat (44% to hit)
You shoot an arrow. The arrow closely misses the bat.
The arrow hits the rat.
The rat is heavily wounded.
The bat barely misses you. The endoplasm freezes you.
You are frozen.
* * * LOW HITPOINT WARNING * * *
The bat closely misses you.
Really attack while wielding your +0 shortbow? [Y]es or [N]o only, please.
Really attack while wielding your +0 shortbow? [Y]es or [N]o only, please.
Really attack while wielding your +0 shortbow?
Okay, then.
The bat barely misses you. The bat hits you but does no damage.
The rat closely misses you. The bat misses you. The bat completely misses you.
The bat closely misses you. The bat closely misses you.
Fire: 17 arrows
Press: ? - help, Q - select action, (/) - cycle Shift-Dir - straight line, f/p - bat
Aim: a bat (44% to hit)
You shoot an arrow. The arrow hits the bat!
You kill the bat!
The rat bites you but does no damage.
Fire: 16 arrows
Press: ? - help, Q - select action, (/) - cycle Shift-Dir - straight line, f - endoplasm
Aim: an endoplasm (86% to hit)
You shoot an arrow. The arrow hits the endoplasm.
The endoplasm is heavily wounded.
The rat barely misses you.
The endoplasm jiggles.
The endoplasm closely misses you.
Fire: 15 arrows
Press: ? - help, Q - select action, (/) - cycle Shift-Dir - straight line, f/p - endoplasm
Aim: an endoplasm (heavily wounded, 86% to hit)
You shoot an arrow. The arrow hits the endoplasm.
The endoplasm is severely wounded.
The rat bites you.
You die...

###### #...@# ##### #..rJ# #...#
#....# ######...# ######## #....#
#........#
#......###....####........# .
+......'.'....'........>..####
.###......###....###.............
..........# ###### #.............
..........# #.............


You could see an endoplasm and a rat.

Vanquished Creatures
  A dart slug (D:1)
  A bat (D:1)
2 creatures vanquished.

Notes
Turn   | Place    | Note
-------+----------+-------------------------------------------
     0 | D:1      | Smaepdii the Deep Elf Arcane Marksman began the quest for
                  | the Orb.
     0 | D:1      | Reached XP level 1. HP: 11/11 MP: 5/5
   325 | D:1      | Slain by a rat

Illustrated notes

Levels and vault maps discovered:
D:1:      giann_forest_graveyard, layout_basic, serial_curves, eino_curves_01,
          eino_curves_04

Skill      XL: |  1 |
---------------+----+-----
Bows           | 3 |  3.1
Fighting       | |  0.7
Dodging        | |  2.4
Spellcasting   | |  1.5
Hexes          | |  4.0

Action                   || total
-------------------------++-------
Melee: Hand axe          ||     5
 Fire: Shortbow          ||     9
Armor: Robe              ||     8
Dodge: Dodged            ||    30
